 Dungeon Crawl Stone Soup version 0.31.0-11-ge490571c62 (webtiles) character file.

Game seed: 10389207000066488521

37 qw the Shooter (level 3, -6/20 HPs)
             Began as a Deep Elf Hunter on Feb 4, 2024.
             Mangled by a gnoll
             ... wielding a +0 flail
              (11 damage)
             ... on level 1 of the Dungeon.
             The game lasted 00:00:14 (757 turns).

qw the Shooter (Deep Elf Hunter)                     Turns: 757, Time: 00:00:15

Health: -6/20      AC:  5    Str: 10    XL:     3   Next: 21%
Magic:  5/5        EV: 11    Int: 13    God:
Gold:   68         SH:  0    Dex: 18    Spells: 2/2 levels left

rFire   . . .        a - +0 shortbow
rCold   . . .        (shield currently unavailable)
rNeg    . . .        e - +0 ring mail
rPois   .            (no helmet)
rElec   .            (no cloak)
rCorr   .            (no gloves)
SInv    .            (no boots)
Will    .....        (no amulet)
Stlth   +            (no ring)
HPRegen 0.23/turn    (no ring)
MPRegen 0.09/turn

%: no passive effects
@: no status effects
A: no striking features
a: no special abilities


You were on level 1 of the Dungeon.
You visited 1 branch of the dungeon, and saw 2 of its levels.

You collected 68 gold pieces.


   Skills:
 - Level 1.5 Fighting
 + Level 6.8 Ranged Weapons
 - Level 2.4 Dodging
 - Level 1.2 Stealth


You had 2 spell levels left.
You didn't know any spells.
Your spell library was empty.

Inventory:

Hand Weapons
 a - a +0 shortbow (weapon)
Armour
 e - a +0 ring mail (worn)
Potions
 d - a potion of attraction {unknown}

Dungeon Overview and Level Annotations

Branches:
Dungeon (2/15)

Altars:


Message History

As you read the scroll labelled QUMU JANGINA, it crumbles to dust.
You feel momentarily disoriented.
It was a scroll of revelation.
Done exploring.
721 ||| DROPPING scroll of butterflies.
You drop a scroll of butterflies.
Done exploring.
What level of the Dungeon? (default 1, ? - help)
There is a stone staircase leading down here.
You climb downwards.
Found 9 gold pieces, a golden potion, a silvery potion and a war axe.
There is a stone staircase leading up here.
There are monsters nearby!
Waypoint 1 assigned to D:2.
749 ||| STAIRDANCE The gnoll shouts! x2; You hear an angry hiss.
The gnoll hits you with a +0 spear.
You hear an angry hiss.
You climb upwards.
There is a stone staircase leading down here.
You climb downwards.
The endoplasm quivers.
A ball python comes into view.
The gnoll misses you.
The gnoll hits you from afar with a +0 spear.
The gnoll hits you but does no damage.
There is a stone staircase leading up here.
753 ||| STAIRDANCE The gnoll hits you with a +0 club.
The gnoll hits you with a +0 flail! The gnoll closely misses you.
You climb upwards.
There is a stone staircase leading down here.
You shoot an arrow. The arrow hits the gnoll!
The gnoll is severely wounded.
The gnoll closely misses you. The gnoll hits you with a +0 club.
You shoot an arrow. The arrow barely misses the gnoll.
The gnoll barely misses you. x2
You shoot an arrow. The arrow hits the gnoll!
You kill the gnoll!
The gnoll hits you with a +0 flail!
Ouch! That really hurt!
You die...

### ######### ..# #.......#
..# #.......# ..# #.......#
..## #.......#
...#####.......############
...............g@)........#
.......#.......#.########.#
.......#.......#.# #.#
.......#.......#.# #.#
.......#########.# #.#
.........# #.# #.#
#........# #.# #.#
#..[.....# #.# #.#
########## #.# #.#


You could see a gnoll.

Vanquished Creatures
  2 gnolls (D:1)
  A bat (D:1)
  2 endoplasms (D:1)
  2 giant cockroaches (D:1)
  3 goblins (D:1)
  2 hobgoblins (D:1)
  4 jackals (D:1)
  A quokka (D:1)
  2 ball pythons (D:1)
  4 frilled lizards (D:1)
  A kobold (D:1)
  2 rats (D:1)
26 creatures vanquished.

Notes
Turn   | Place    | Note
-------+----------+-------------------------------------------
     0 | D:1      | qw the Deep Elf Hunter began the quest for the Orb.
     0 | D:1      | Reached XP level 1. HP: 12/12 MP: 3/3
     0 | D:1      | 0 ||| qw: Version: 0.3-a-160-g6735b56
     0 | D:1      | 0 ||| qw: Game counter: 6071
     0 | D:1      | 0 ||| qw: Melee chars always use a shield: true
     0 | D:1      | 0 ||| qw: God list: Okawaru
     0 | D:1      | 0 ||| qw: Allow faded altars: false
     0 | D:1      | 0 ||| qw: Do Orc after clearing Dungeon:15 true
     0 | D:1      | 0 ||| qw: Do second Lair branch before Depths: true
     0 | D:1      | 0 ||| qw: Lair rune preference: random
     0 | D:1      | 0 ||| qw: Goals: Normal
     0 | D:1      | 0 ||| PLANNING D:1-11
   171 | D:1      | Reached skill level 6 in Ranged Weapons
   171 | D:1      | Reached XP level 2. HP: 15/16 MP: 4/4
   314 | D:1      | Reached XP level 3. HP: 13/20 MP: 5/5
   709 | D:1      | 709 ||| UPGRADING to +0 ring mail.
   719 | D:1      | 719 ||| DROPPING +0 leather armour.
   720 | D:1      | 720 ||| READING scroll labelled QUMU JANGINA.
   721 | D:1      | 721 ||| DROPPING scroll of butterflies.
   749 | D:2      | 749 ||| STAIRDANCE
   753 | D:2      | 753 ||| STAIRDANCE
   753 | D:2      | HP: 5/20 [gnoll/+0 flail (8)]
   757 | D:1      | Mangled by a gnoll

Levels and vault maps discovered:
D:1:      orjb1_lava_funnel, layout_basic, minmay_statues_item
D:2:      layout_rooms, serial_shops, shop, basic_altar, minivault_5,
          uniq_sigmund

Skill      XL: |  1 |
---------------+----+-----
Ranged Weapons | 6 |  6.8
Fighting       | |  1.5
Dodging        | |  2.4
Stealth        | |  1.2

Action                     || total
---------------------------++-------
   Fire: Shortbow          ||    65
    Use: Scroll            ||     1
 Armour: Leather armour    ||     4
         Ring mail         ||     7
  Dodge: Dodged            ||    17

Table legend:
 A = Non-vault XP
 B = Vault XP
 C = Vault XP percentage of total XP
 D = Non-vault monster count
 E = Vault monster count
 F = Vault count percentage of total count
                 A         B        C        D         E       F
            +---------+---------+-------+---------+---------+-------
      Total |      68 |       0 |   0.0 |      26 |       0 |   0.0
            +---------+---------+-------+---------+---------+-------
        D:1 |      68 |       0 |   0.0 |      26 |       0 |   0.0
            +---------+---------+-------+---------+---------+-------
